 Dungeon Crawl Stone Soup version 0.28.0-49-g6dfe1f597d (webtiles) character file.

Game seed: 9175239097253431533

12 Exodus22XD the Sneak (level 2, 13/13 HPs)
             Began as a Kobold Enchanter on May 15, 2022.
             Was a Follower of Hepliaklqana.
             Quit the game on level 1 of the Dungeon.
             The game lasted 00:00:26 (757 turns).

Exodus22XD the Sneak (Kobold Enchanter)              Turns: 757, Time: 00:00:27

Health: 13/13      AC:  2    Str:  5    XL:     2   Next: 45%
Magic:  5/5        EV: 15    Int: 16    God:    Hepliaklqana [*.....]
Gold:   58         SH:  0    Dex: 15    Spells: 3/5 levels left

rFire   . . .      SeeInvis .   a - +1 dagger
rCold   . . .      Faith    .   (no shield)
rNeg    . . .      Spirit   .   b - +0 robe
rPois   .          Reflect  .   (no helmet)
rElec   .          Harm     .   (no cloak)
rCorr   .          Rampage  .   (no gloves)
Will    .....                   (no boots)
Stlth   ++++......              (no amulet)
HPRegen 0.04/turn               (no ring)
MPRegen 0.09/turn               (no ring)

@: no status effects
A: reduced essence, small, no large weapons, nightstalker 3
a: Renounce Religion, Recall Ancestor, Ancestor Identity


You were on level 1 of the Dungeon.
You worshipped Hepliaklqana.
Hepliaklqana was aware of your devotion.
You visited 1 branch of the dungeon, and saw 1 of its levels.

You collected 58 gold pieces.

Inventory:

Hand Weapons
 a - a +1 dagger (weapon)
Armour
 b - a +0 robe (worn)
Scrolls
 e - a scroll of fear {unknown}
 f - 5 scrolls of identify {unknown}
 h - a scroll of magic mapping {unknown}
Potions
 c - a potion of invisibility
 d - a potion of cancellation {unknown}
 g - a potion of brilliance {unknown}
 i - a potion of magic {unknown}


   Skills:
 - Level 1.3 Short Blades
 - Level 2.4 Dodging
 + Level 5.1 Stealth
 - Level 2.1 Spellcasting
 - Level 3.0 Hexes


You had 3 spell levels left.
You knew the following spells:

 Your Spells              Type           Power      Damage    Failure   Level
a - Ensorcelled Hibernat  Hex/Ice        12%        N/A       17%         2

Your spell library contained the following spells:

 Spells                   Type           Power      Damage    Failure   Level
 Confusing Touch          Hex            11%        N/A       19%         3
 Tukima's Dance           Hex            11%        N/A       19%         3
 Dazzling Flash           Conj/Hex       12%        N/A       32%         3


Dungeon Overview and Level Annotations

Branches:
Dungeon (1/15)

Altars:
Hepliaklqana


Innate Abilities, Weirdness & Mutations

Your life essence is reduced to manifest your ancestor. (-10% HP)
You are small and have problems with some larger weapons.
You are completely attuned to the shadows.


Message History

A rat is nearby!
You hit the rat but do no damage. The rat misses you.
A rat is nearby!
You closely miss the rat.
A rat is nearby!
You hit the rat.
The rat is severely wounded.
The rat closely misses you.
A rat is nearby!
A rat is nearby!
A rat is nearby!
You closely miss the rat.
The rat is severely wounded.
The rat misses you.
You hit the rat but do no damage.
The rat is severely wounded.
The rat misses you.
A rat is nearby!
You barely miss the rat.
The rat is severely wounded.
The rat misses you.
A rat is nearby!
You hit the rat.
You kill the rat!
You see here a rat corpse.
i - a murky inky potion No target in view!
No target in view!
Found a faded altar of an unknown god.
No target in view!
Found a scale mail.
No target in view!
There is a faded altar of an unknown god here.
You cannot tell which god this altar belongs to.
Convert to them anyway?
Hepliaklqana accepts your prayer! Hepliaklqana welcomes you!
Hepliaklqana forms a fragment of your life essence into the memory of your ancestor, Ankhesenamen!
You can now recall your ancestor.
You can now remember your ancestor's identity.
Are you sure you want to abandon this character and quit the game? (Confirm with "yes".)

.....# #..≈≈..≈≈≈
.....# #.≈≈...≈##
[....# #......≈##
#....≈....
#...≈≈....
#########..≈≈.≈...
#..........≈..≈###
#......##.≈≈..≈≈≈#
#@.≈≈≈.###≈#...###
#.R≈.≈....≈..≈....
#..≈.≈...####≈≈...
###≈.≈...##.##≈≈..
##...#≈..#.#.≈#.
####≈≈≈###.....
##### ##.#.. #.##.
#.##†


You could see the friendly Ankhesenamen the ancestor.

Vanquished Creatures
  A ball python (D:1)
  2 bats (D:1)
  An endoplasm (D:1)
  2 giant cockroaches (D:1)
  A hobgoblin (D:1)
  2 frilled lizards (D:1)
  3 rats (D:1)
12 creatures vanquished.

Notes
Turn   | Place    | Note
-------+----------+-------------------------------------------
     0 | D:1      | Exodus22XD the Kobold Enchanter began the quest for the
                  | Orb.
     0 | D:1      | Reached XP level 1. HP: 10/10 MP: 3/3
   267 | D:1      | Reached XP level 2. HP: 15/15 MP: 5/5
   270 | D:1      | Learned a level 2 spell: Ensorcelled Hibernation
   325 | D:1      | Reached skill level 5 in Stealth
   718 | D:1      | Found a faded altar of an unknown god.
   756 | D:1      | Prayed at the altar of an unknown god.
   756 | D:1      | Became a worshipper of Hepliaklqana the Forgotten
   756 | D:1      | Reached * piety under Hepliaklqana
   757 | D:1      | Quit the game

Illustrated notes

Levels and vault maps discovered:
D:1:      zelgadis_glass_arrival_small, layout_basic, serial_rivers,
          chequers_serial_rivers_micro_d, chequers_serial_rivers_small_b,
          chequers_serial_rivers_small_b, chequers_serial_rivers_room_a,
          basic_ecumenical_altar

Skill      XL: |  1  2 |
---------------+-------+-----
Stealth        | 5 |  5.1
Short Blades   | |  1.3
Dodging        | |  2.4
Spellcasting   | |  2.1
Hexes          | |  3.0

Action                   || total
-------------------------++-------
Melee: Dagger            ||    36
 Stab: Sleeping          ||     7
Armor: Robe              ||     1
Dodge: Dodged            ||    14
